 Dungeon Crawl Stone Soup version 0.22.0-16-gc6d26f69f9 (webtiles) character file.

52 Flugkiller the Caller (level 3, -1/18 HPs)
             Began as a Vine Stalker Summoner on Aug 18, 2018.
             Killed from afar by an orc wizard (3 damage)
             ... with a puff of flame
             ... on level 2 of the Dungeon.
             The game lasted 00:02:04 (2077 turns).

Flugkiller the Caller (Vine Stalker Summoner)       Turns: 2077, Time: 00:02:04

Health: -1/18      AC:  3    Str: 11    XL:     3   Next: 85%
Magic:  0/7        EV: 12    Int: 15    God:
Gold:   71         SH:  0    Dex: 14    Spells: 5/6 levels left

rFire    . . .     SeeInvis .   e - +0 short sword
rCold    . . .     Gourm    .   (no shield)
rNeg     . . .     Faith    .   h - +0 leather armour
rPois    .         Spirit   +   (no helmet)
rElec    .         Reflect  .   (no cloak)
rCorr    .         Harm     .   (no gloves)
MR       .....                  (no boots)
Stlth    ++........             (no amulet)
HPRegen  0.06/turn              (no ring)
MPRegen  0.10/turn              (no ring)

@: no status effects
A: fangs 2, magic shield, antimagic bite, no potion heal 3, rot immunity
a: no special abilities


You were on level 2 of the Dungeon.
You were not hungry.

You visited 1 branch of the dungeon, and saw 2 of its levels.

You collected 71 gold pieces.

Inventory:

Hand Weapons
 e - a +0 short sword (weapon)
Armour
 h - a +0 leather armour (worn)
Jewellery
 f - an uncursed ring of wizardry {unknown}
Scrolls
 a - a scroll of identify {unknown}
 b - a scroll of fear {unknown}
 d - a scroll of noise {unknown}
 g - a scroll of enchant weapon {unknown}
Potions
 j - a potion of curing {unknown}
Comestibles
 c - 3 rations


   Skills:
 + Level 2.0 Fighting
 + Level 2.6 Dodging
 - Level 2.4 Stealth
 - Level 2.1 Spellcasting
 - Level 4.0 Summonings


You had 5 spell levels left.
You knew the following spells:

 Your Spells              Type           Power        Failure   Level  Hunger
a - Summon Small Mammal   Summ           ##..         5%          1    #......

Your spell library contained the following spells:

 Spells                   Type           Power        Failure   Level  Hunger
 Summon Ice Beast         Ice/Summ       #.......     77%         4    #####..
 Call Imp                 Summ           ##......     9%          2    ###....
 Call Canine Familiar     Summ           ##......     17%         3    ###....
 Summon Lightning Spire   Summ/Air       #.......     77%         4    #####..
 Summon Guardian Golem    Hex/Summ       #.......     36%         3    ###....


Dungeon Overview and Level Annotations

Branches:
Dungeon (2/15)

Altars:


Innate Abilities, Weirdness & Mutations

You have extremely sharp teeth.
When hurt, damage is shared between your health and your magic reserves.
Your bite disrupts and absorbs the magic of your enemies.
Potions cannot restore your health.
You are immune to rotting.


Message History

* * * LOW HITPOINT WARNING * * *
Something hits you but does no damage.
All of the chunks of flesh in your inventory have rotted away.
Your bat hits something but does no damage.
Something closely misses your rat.
Your bat hits something but does no damage.
Your bat misses something.
Your bat hits something but does no damage.
Your bat misses something. Something hits you.
* * * LOW HITPOINT WARNING * * *
Your bat barely misses something.
A magic dart appears from out of thin air!
The magic dart hits your rat.
Your rat dies!
Your rat's corpse disappears in a puff of smoke!
Your bat hits something but does no damage.
Your bat disappears in a puff of smoke!
A puff of flame appears from out of thin air!
The puff of flame hits you!
You die...

#l#### #.#. ..
####.# .#.##.#
#....# ......
#.#### ##..#.#
#.# .....# #.#
#.#.# #.#
####...# #.#
#...<@.#######.#
#.###.......§..#
#........§†.#
#.#).)...§..#
#...........#
..............#
#.####........#
#. #........# .
..........#


There were no monsters in sight!

Vanquished Creatures
  An ooze (D:1)
  A dart slug (D:2)
  2 leopard geckos (D:1)
  A giant cockroach (D:1)
  2 goblins
  3 hobgoblins
  A jackal (D:1)
  2 kobolds
  A ball python (D:1)
  3 bats (D:1)
  5 frilled lizards
  7 rats
29 creatures vanquished.

Vanquished Creatures (collateral kills)
  An adder (D:2)
  A worm (D:2)
  A dart slug (D:1)
  2 goblins
  A jackal (D:1)
  2 bats (D:1)
  A kobold (D:1)
  A rat (D:1)
10 creatures vanquished.

Grand Total: 39 creatures vanquished

Notes
Turn   | Place    | Note
-------+----------+-------------------------------------------
     0 | D:1      | Flugkiller the Vine Stalker Summoner began the quest for the Orb.
     0 | D:1      | Reached XP level 1. HP: 9/9 MP: 4/4
   223 | D:1      | Reached XP level 2. HP: 6/14 MP: 3/6
   288 | D:1      | Reached skill level 1 in Fighting
  1095 | D:1      | Reached XP level 3. HP: 18/18 MP: 7/7
  2077 | D:2      | Killed from afar by an orc wizard

Skill      XL: |  1  2  3 |
---------------+----------+-----
Fighting       | 1 2 |  2.0
Dodging        | 2 |  2.6
Stealth        | |  2.4
Spellcasting   | |  2.1
Summonings     | |  4.0

Action                   || total
-------------------------++-------
Melee: Unarmed           ||    19
       Bite              ||    17
       Short sword       ||    82
 Cast: Summon Small Mamm ||    31
 Stab: Sleeping          ||     2
  Eat: Chunk             ||     4
Armor: Robe              ||    22
       Leather armour    ||    12
Dodge: Dodged            ||    85
